 Seeded DCSS version 0.30.1-4-g462c640d31 (webtiles) character file.

Game seed: 6351066067085065685 (custom seed)

28 Esekla the Grave Robber (level 2, 0/15 HPs)
             Began as a Deep Elf Necromancer on Sept 3, 2023.
             Was an Initiate of Vehumet.
             Slain by a hound (1 damage)
             ... on level 3 of the Dungeon.
             The game lasted 00:06:55 (949 turns).

Esekla the Grave Robber (Deep Elf Necromancer)       Turns: 949, Time: 00:06:55

Health: 0/15       AC:  3    Str:  5    XL:     2   Next: 96%
Magic:  8/8        EV: 13    Int: 19    God:    Vehumet [......]
Gold:   122        SH:  0    Dex: 15    Spells: 6/7 levels left

rFire   . . .        l - +1 short sword (freeze)
rCold   . . .        (no shield)
rNeg    . . .        a - +0 robe
rPois   .            (no helmet)
rElec   .            (no cloak)
rCorr   .            c - +0 pair of gloves
SInv    .            (no boots)
Will    .....        (no amulet)
Stlth   ++           (no ring)
HPRegen 0.22/turn    (no ring)
MPRegen 0.11/turn

%: no passive effects
@: no status effects
A: no striking features
a: Renounce Religion


You were on level 3 of the Dungeon.
You worshipped Vehumet.
Vehumet was noncommittal.
You visited 1 branch of the dungeon, and saw 4 of its levels.

You collected 122 gold pieces.

Inventory:

Hand Weapons
 l - a +1 short sword of freezing (weapon)
Armour
 a - a +0 robe (worn)
 c - a +0 pair of gloves (worn)
Wands
 i - a wand of roots (9)
Scrolls
 e - a scroll of fear {unknown}
 f - a scroll of identify {unknown}
 m - a scroll of amnesia {unknown}
 n - a scroll of enchant armour {unknown}
Potions
 b - a potion of magic
 d - a potion of ambrosia {unknown}
 g - 2 potions of attraction {unknown}
 h - a potion of haste {unknown}
 j - a potion of curing {unknown}
 k - a potion of mutation {unknown}


   Skills:
 + Level 0.2 Short Blades
 * Level 3.1 Dodging
 + Level 2.7 Stealth
 * Level 3.1 Spellcasting
 + Level 5.3 Necromancy


You had 6 spell levels left.
You knew the following spells:

 Your Spells              Type           Power      Damage    Failure   Level
a - Necrotise             Necr           92%        1d8       1%          1

Your spell library contained the following spells:

 Spells                   Type           Power      Damage    Failure   Level
 Vampiric Draining        Necr           23%        2d7       4%          3
 Animate Dead             Necr           23%        N/A       17%         4
 Agony                    Necr           23%        N/A       43%         5


Dungeon Overview and Level Annotations

Branches:
Dungeon (4/15)
 Temple: D:4-7

Altars:
Hepliaklqana
Okawaru
Qazlal
Trog
Vehumet
Zin

Shops:
D:2 =


Message History

Found a bloodstained altar of Trog.
A hound comes into view.
Found a hazy altar of Hepliaklqana.
The hound moves out of view.
The hound barks!
You hit the dart slug. You freeze the dart slug.
The dart slug is moderately wounded.
The dart slug bites you.
You hit the dart slug. You freeze the dart slug.
The dart slug is heavily wounded.
The dart slug bites you but does no damage.
You hit the dart slug. You freeze the dart slug.
You kill the dart slug!
Vehumet accepts your kill.
You hit the hound. You freeze the hound.
The hound is moderately wounded.
The hound bites you.
You hit the hound. You freeze the hound.
The hound is moderately wounded.
The hound bites you. The hound misses you.
You miss the hound.
The hound is moderately wounded.
The hound bites you.
You hit the hound. You freeze the hound.
The hound is heavily wounded.
The hound barely misses you. x2
You miss the hound.
The hound is heavily wounded.
The hound bites you.
You closely miss the hound.
The hound is heavily wounded.
The hound bites you.
* * * LOW HITPOINT WARNING * * *
The hound completely misses you.
You closely miss the hound.
The hound is heavily wounded.
The hound barely misses you.
You closely miss the hound.
The hound is heavily wounded.
The hound closely misses you. The hound bites you.
You die...

#....# #....# ######
#....# ##......
#########....###......###.
...................._....#
#########.####.##.........
#.# #.#.......... #.#
#......8.._.. #.#
###@h........ #.#
##._†....# #.# #.......#
#.# ###....## .##.# .. #
###


You could see a hound.

Vanquished Creatures
  An adder (D:3)
  A dart slug (D:3)
  2 ball pythons (D:1)
  2 endoplasms
  2 goblins (D:3)
  A hobgoblin (D:3)
  2 bats (D:3)
  2 frilled lizards
  4 kobolds
17 creatures vanquished.

Notes
Turn   | Place    | Note
-------+----------+-------------------------------------------
     0 | D:1      | Esekla the Deep Elf Necromancer began the quest for the
                  | Orb.
     0 | D:1      | Reached XP level 1. HP: 10/10 MP: 6/6
   180 | D:1      | Reached skill level 5 in Necromancy
   307 | D:2      | Found Renulab's Jewellery Shop.
   436 | D:4      | Found a radiant altar of Vehumet.
   463 | D:4      | Found an iron altar of Okawaru.
   475 | D:4      | Found a glowing silver altar of Zin.
   542 | D:4      | Became a worshipper of Vehumet
   589 | D:4      | Reached XP level 2. HP: 15/15 MP: 8/8
   890 | D:3      | Found a stormy altar of Qazlal.
   932 | D:3      | Found a bloodstained altar of Trog.
   934 | D:3      | Found a hazy altar of Hepliaklqana.
   949 | D:3      | Slain by a hound

Illustrated notes

Levels and vault maps discovered:
D:1:      sevenhm_arrival_forest_fort_small_3, layout_rooms,
          chequers_serial_rivers_room_b, minmay_misc_feat_five
D:2:      layout_loops_ring, dreamdust_ecumenical_altar_angels_and_demons,
          serial_shops, shop
D:3:      layout_basic, grunt_temple_overflow_open, minmay_misc_feat_iff
D:4:      layout_basic, nicolae_overflow_quartered_altars, serial_shops,
          nicolae_diamond_shop

Skill      XL: |  1  2 |
---------------+-------+-----
Necromancy     | 5 |  5.3
Dodging        | 3 |  3.1
Short Blades   | |  0.2
Stealth        | |  2.7
Spellcasting   | |  3.1

Action                     || total
---------------------------++-------
  Melee: Short sword       ||    55
         Unarmed           ||     9
   Stab: Sleeping          ||     2
 Armour: Robe              ||    18
  Dodge: Dodged            ||    29
